cohdb
Replays
Latest Replays
All Replays
Popular Replays
Top Player Replays
Match Explorer
How It Works
Community
CoH3 Stats
Reddit
Sign in to upload your games and track your stats! →
Sign in with Steam
Match 44815011
Unlisted
Match 44815011
Overview
Messages
Build Orders
End
Construct Infanterie Kompanie
MG 42 Machine Gun Team
Selects Mechanized Battlegroup
MG 42 Machine Gun Team
Grenadier Squad
Infanterie Officer Quarters
Sniper
MG 42 Machine Gun Team
Medical Station
Kettenkrad Recon Vehicle
Selects Spotting Scopes
Construct Luftwaffe Kompanie
Support Elements
Pioneer Squad
Sniper
Sniper
Wirbelwind Flakpanzer
Luftwaffe Officer Quarters
Side Skirts
Pioneer Squad
Selects Wespe Self-propelled Artillery
Selects Raid Package
Jäger Squad
Selects StuG Assault Group
Jäger Squad
Selects UNKNOWN (2160084)
Selects UNKNOWN (2160084)
Construct Panzer Kompanie
Panther Heavy Tank
Panzer Officer Quarters
Selects Zeroing Artillery Barrage
Selects Zeroing Artillery Barrage
Panther Heavy Tank
Pioneer Squad
Repair Bunker
MG 42 Machine Gun Team
Panther Heavy Tank
Pioneer Squad
Krazykasualties
CallMeStrange
pinki272
North
admiral_gnar
Albert Jones 方老头
KHALIFA-MHR
401969617
0
0
Comments
sign in to comment!
No comments posted yet!